 Dungeon Crawl Stone Soup version 0.18.1-48-g4cf74bf (webtiles) character file.

40 Kisielow the Insei (level 3, 0/26 HPs)
             Began as a Merfolk Transmuter on Aug 30, 2016.
             Killed from afar by Sigmund (7 damage)
             ... with a puff of flame
             ... on level 2 of the Dungeon.
             The game lasted 00:04:32 (1828 turns).

Kisielow the Insei (Merfolk Transmuter)             Turns: 1828, Time: 00:04:33

Health: 0/26       AC:  3    Str: 10    XL:     3   Next: 50%
Magic:  6/6        EV: 11    Int: 13    God:
Gold:   39         SH:  0    Dex: 14    Spells: 1 memorised, 3 levels left

rFire  x . .     SeeInvis .       - Unarmed
rCold  + . .     Gourm    .     b - +1 robe
rNeg   . . .     Faith    .     (no shield)
rPois  .         Spirit   .     (no helmet)
rElec  .         Dismiss  .     (no cloak)
rCorr  .         Reflect  .     (no gloves)
SustAt .         Harm     .     (no boots)
MR     .....                    (no amulet)
Stlth  +.........               j - -2 ring of evasion (curse)
                                e - ring of ice

@: confused, not resistant to hostile enchantments, very unstealthy
A: change form in water, swift swim
a: no special abilities


You were on level 2 of the Dungeon.
You were not hungry.

You visited 1 branch of the dungeon, and saw 2 of its levels.

You collected 39 gold pieces.

Inventory:

Missiles
 a - 12 arrows
Armour
 b - a +1 robe (worn)
Jewellery
 e - a ring of ice (left hand)
 j - a cursed -2 ring of evasion (right hand)
Books
 c - a book of Changes

   Spells                             Type                      Level
   a - Beastly Appendage              Transmutation                1
   b - Sticks to Snakes               Transmutation                2
   c - Spider Form                    Transmutation/Poison         3
   d - Ice Form                       Ice/Transmutation            4
   e - Blade Hands                    Transmutation                5
Comestibles
 d - a bread ration
 h - a chunk of flesh


   Skills:
 - Level 1.1 Fighting
 - Level 2.6 Dodging
 - Level 4.4 Unarmed Combat
 - Level 2.0 Spellcasting
 * Level 3.5 Transmutations


You had 3 spell levels left.
You knew the following spells:

 Your Spells              Type           Power        Failure   Level  Hunger
q - Spider Form           Trmt/Pois      #.........   38%         3    ####...


Dungeon Overview and Level Annotations

Branches:
Dungeon (2/15)

Altars:

Annotations:
D:2 Natasha, Sigmund


Message History

There is a stone staircase leading up here.
Sigmund is suddenly surrounded by pale green light.
Sigmund zaps a wand.
The puff of flame hits you! The fire burns you terribly!
Ouch! That really hurt!
Sigmund gestures at you while chanting.
You are confused.
Sigmund mumbles some strange words.
Sigmund flickers and vanishes!
Deactivating autopickup; reactivate with Ctrl-A.
You're too confused to move!
A puff of flame appears from out of thin air!
The puff of flame misses you.
You hear a zap.
A puff of flame appears from out of thin air!
The puff of flame hits you! The fire burns you terribly!
* * * LOW HITPOINT WARNING * * *
Natasha hisses angrily.
A puff of flame appears from out of thin air!
The puff of flame hits you! The fire burns you terribly!
You die...

....#.......... #
................#.#.#
...h...........#.#.#
.......#.#.........#
...............#.###
#.#....#...##..#.### #
#.#....#...........#
#.#.#....#...##..#.###
####.#.#..<.@...##..#.#
#....................(#
##.#.................
#....................
.........{..........####
##.#.....####.......#
.........####.#..#.##
.#.#.............#.#
.........####.#..# #


You could see Natasha.

Vanquished Creatures
  3 dart slugs (D:1)
  2 bats (D:1)
  4 goblins (D:1)
  4 hobgoblins
  6 jackals (D:1)
  4 kobolds
  3 giant newts (D:1)
  5 rats
31 creatures vanquished.

Notes
Turn   | Place    | Note
--------------------------------------------------------------
     0 | D:1      | Kisielow the Merfolk Transmuter began the quest for the Orb.
     0 | D:1      | Reached XP level 1. HP: 15/15 MP: 3/3
   269 | D:1      | Reached XP level 2. HP: 13/21 MP: 3/5
   273 | D:1      | Reached skill level 4 in Unarmed Combat
  1123 | D:1      | Reached XP level 3. HP: 26/26 MP: 6/6
  1131 | D:1      | Learned a level 3 spell: Spider Form
  1657 | D:2      | Noticed Sigmund
  1815 | D:2      | Noticed Natasha
  1828 | D:2      | Killed from afar by Sigmund

Skill      XL: |  1  2  3 |
---------------+----------+-----
Unarmed Combat | 4 |  4.4
Transmutations | 3 |  3.5
Fighting       | |  1.1
Dodging        | |  2.6
Spellcasting   | |  2.0

Action                   || total
-------------------------++-------
Melee: Unarmed           ||    96
       Headbutt          ||     2
       Punch             ||     2
 Cast: Beastly Appendage ||     6
  Use: Scroll            ||     4
       Potion            ||     1
 Stab: Sleeping          ||     1
  Eat: Chunk             ||     3
Armor: Robe              ||    16
Dodge: Dodged            ||    55
